 Dungeon Crawl Stone Soup version 0.31-a0-180-g519b7de00c (webtiles) character file.

Game seed: 3225603816993546365

164 qw the Chopper (level 5, 0/32 HPs)
             Began as a Gargoyle Fighter on June 19, 2023.
             Slain by Sigmund
             ... wielding a +0 scythe
              (3 damage)
             ... on level 3 of the Dungeon.
             The game lasted 00:00:59 (1798 turns).

qw the Chopper (Gargoyle Fighter)                   Turns: 1798, Time: 00:01:00

Health: 0/32       AC: 10    Str: 22    XL:     5   Next: 45%
Magic:  5/5        EV:  9    Int:  8    God:
Gold:   88         SH:  0    Dex:  9    Spells: 4/4 levels left

rFire   . . .        Y - +0 war axe
rCold   . . .        c - +0 buckler
rNeg    + . .        b - +0 scale mail
rPois   inf          (no helmet)
rElec   +            (no cloak)
rCorr   .            (no gloves)
SInv    .            (no boots)
Will    .....        (no amulet) Stlth
                     (no ring)
HPRegen 0.25/turn    (no ring)
MPRegen 0.09/turn

%: no passive effects
@: confused
A: sickness immunity, AC +4, negative energy resistance 1, electricity
resistance, torment resistance 1, petrification resistance
a: no special abilities


You were on level 3 of the Dungeon.
You visited 1 branch of the dungeon, and saw 3 of its levels.

You collected 88 gold pieces.


Innate Abilities, Weirdness & Mutations

You are immune to sickness and miasma.
Your stone body is resilient. (AC +4)
You are immune to poison.
You resist negative energy. (rN+)
You are resistant to electric shocks. (rElec)
You are resistant to unholy torment.
You are immune to petrification.


   Skills:
 + Level 3.2 Fighting
 - Level 5.0 Axes
 - Level 3.2 Armour
 - Level 3.2 Shields


You had 4 spell levels left.
You didn't know any spells.
Your spell library was empty.

Inventory:

Hand Weapons
 j - a +0 morningstar
 Y - a +0 war axe (weapon)
Armour
 b - a +0 scale mail (worn)
 c - a +0 buckler (worn)
Potions
 a - a potion of berserk rage {unknown}
 d - a potion of might
 e - a potion of enlightenment {unknown}
 g - a potion of invisibility {unknown}
 l - a potion of mutation {unknown}

Dungeon Overview and Level Annotations

Branches:
Dungeon (3/15)

Altars:
Wu Jian

Annotations:
D:3 Sigmund


Message History

You swing at nothing.
Something hits you but does no damage.
You swing at nothing.
A magic dart appears from out of thin air!
The magic dart hits you.
You swing at nothing.
Something hits you.
You swing at nothing.
Something completely misses you.
You swing at nothing.
A magic dart appears from out of thin air!
The magic dart hits you!
You swing at nothing.
Something hits you but does no damage.
You swing at nothing.
Something hits you but does no damage.
You swing at nothing.
You swing at nothing.
Something hits you!
You swing at nothing.
Something hits you.
You swing at nothing.
Something hits you but does no damage.
You swing at nothing.
Something hits you but does no damage.
You swing at nothing.
You swing at nothing.
Something hits you.
You swing at nothing.
Something hits you but does no damage.
You swing at nothing.
Something hits you but does no damage.
You swing at nothing.
You hear some strange, mumbled words.
You are confused.
You're too confused to move!
Something hits you but does no damage.
You're too confused to move!
Something hits you.
You die...

# #.####
#.{@.#
......##.#
##### #.#
#.##.#
#.##.#
#.##.#
#.##.#
#.##.#
#.##.#


There were no monsters in sight!

Vanquished Creatures
  An ogre (D:2)
  3 adders (D:2)
  2 worms (D:2)
  A dart slug (D:1)
  2 ball pythons (D:2)
  An endoplasm (D:2)
  4 giant cockroaches
  3 goblins (D:2)
  8 hobgoblins
  2 jackals (D:1)
  A quokka (D:1)
  2 bats
  6 frilled lizards
  4 kobolds
  5 rats
45 creatures vanquished.

Notes
Turn   | Place    | Note
-------+----------+-------------------------------------------
     0 | D:1      | qw the Gargoyle Fighter began the quest for the Orb.
     0 | D:1      | Reached XP level 1. HP: 14/14 MP: 1/1
     0 | D:1      | 0 ||| qw: Version: 0.3-a-7-ge0c9b40
     0 | D:1      | 0 ||| qw: Game counter: 1025
     0 | D:1      | 0 ||| qw: Always use a shield: true
     0 | D:1      | 0 ||| qw: God list: Okawaru
     0 | D:1      | 0 ||| qw: Allow faded altars: false
     0 | D:1      | 0 ||| qw: Do Orc after D:15 true
     0 | D:1      | 0 ||| qw: Do second Lair branch before Depths: true
     0 | D:1      | 0 ||| qw: Lair rune preference: random
     0 | D:1      | 0 ||| qw: Plans: Normal, Zot:1-4, Slime:5, God:TSO, Crypt,
                  | Tomb, Abyss, Pan, Hells, Win
     0 | D:1      | 0 ||| PLANNING D:1-11
    15 | D:1      | Reached skill level 2 in Axes
    25 | D:1      | 25 ||| Stepping ~*~*~tactically~*~*~ (stealth).
   207 | D:1      | Reached XP level 2. HP: 16/19 MP: 2/2
   307 | D:1      | 307 ||| Stepping ~*~*~tactically~*~*~ (stealth).
   313 | D:1      | 313 ||| Stepping ~*~*~tactically~*~*~ (stealth).
   314 | D:1      | 314 ||| Stepping ~*~*~tactically~*~*~ (stealth).
   315 | D:1      | 315 ||| Stepping ~*~*~tactically~*~*~ (stealth).
   499 | D:1      | 499 ||| Stepping ~*~*~tactically~*~*~ (hiding).
   511 | D:1      | 511 ||| Stepping ~*~*~tactically~*~*~ (hiding).
   512 | D:1      | 512 ||| Stepping ~*~*~tactically~*~*~ (hiding).
   666 | D:1      | 666 ||| Stepping ~*~*~tactically~*~*~ (water).
   671 | D:1      | Reached skill level 3 in Axes
   754 | D:1      | Reached XP level 3. HP: 23/23 MP: 3/3
   910 | D:1      | 910 ||| READING scroll labelled EVOBLA WEBLO.
   915 | D:1      | 915 ||| READING scroll labelled ETHULA LY KOA.
   916 | D:1      | 916 ||| READING 2 scrolls labelled RIWNOELATSE.
   917 | D:1      | 917 ||| READING scroll labelled MUFOID AFOODEWN.
   918 | D:1      | 918 ||| READING scroll labelled ITTONO XAUTAU.
   919 | D:1      | 919 ||| DRINKING 2 green potions.
   920 | D:1      | 920 ||| DROPPING scroll of blinking.
   994 | D:2      | Found an ornate altar of the Wu Jian Council.
  1128 | D:2      | 1128 ||| Stepping ~*~*~tactically~*~*~ (stealth).
  1184 | D:2      | 1184 ||| DROPPING +0 club.
  1220 | D:2      | Reached XP level 4. HP: 28/28 MP: 4/4
  1449 | D:2      | Reached skill level 4 in Axes
  1455 | D:2      | 1455 ||| DROPPING +0 mace.
  1586 | D:2      | 1586 ||| READING scroll labelled HAWNEG SYDAWU.
  1687 | D:2      | 1687 ||| DRINKING 2 white potions.
  1688 | D:2      | 1688 ||| DROPPING potion of brilliance.
  1714 | D:3      | Noticed an ogre
  1717 | D:3      | 1717 ||| STAIRDANCE
  1722 | D:2      | HP: 2/28 [ogre/+0 giant spiked club (23)]
  1723 | D:2      | 1723 ||| DRINKING 2 potions of heal wounds.
  1724 | D:2      | 1724 ||| DRINKING potion of heal wounds.
  1727 | D:2      | Killed an ogre
  1728 | D:2      | Reached skill level 5 in Axes
  1728 | D:2      | Reached XP level 5. HP: 23/32 MP: 5/5
  1776 | D:3      | Noticed Sigmund
  1787 | D:3      | HP: 8/32 [something (9)]
  1792 | D:3      | HP: 2/32 [something (4)]
  1798 | D:3      | Slain by Sigmund

Levels and vault maps discovered:
D:1:      sevenhm_arrival_forest_fort_small_3, layout_loops_ring, serial_glass,
          glass_columns_b, glass_columns_b, minmay_misc_feat_enclosed,
          serial_bayou_pond_d, minivault_25
D:2:      minmay_general_purpose_star, layout_basic, basic_altar
D:3:      layout_loops_ring, grunt_temple_overflow_holy_war,
          grunt_decor_mini_mirrors, minmay_misc_feat_nine_boxes, uniq_sigmund,
          uniq_grinder, uniq_terence

Skill      XL: |  1  2  3  4 |
---------------+-------------+-----
Axes           | 2 3 5 |  5.0
Fighting       | |  3.2
Armour         | |  3.2
Shields        | |  3.2

Action                     |  1- 3 |  4- 6 || total
---------------------------+-------+-------++-------
  Melee: War axe           |    83 |    38 ||   121
    Use: Scroll            |     5 |     1 ||     6
         Potion            |     1 |     3 ||     4
 Armour: Scale mail        |    50 |    23 ||    73
  Dodge: Dodged            |    27 |    11 ||    38
  Block: Buckler           |    14 |     9 ||    23

Table legend:
 A = Non-vault XP
 B = Vault XP
 C = Vault XP percentage of total XP
 D = Non-vault monster count
 E = Vault monster count
 F = Vault count percentage of total count
                 A         B        C        D         E       F
            +---------+---------+-------+---------+---------+-------
      Total |     211 |      24 |  10.2 |      40 |       5 |  11.1
            +---------+---------+-------+---------+---------+-------
        D:1 |      35 |       0 |   0.0 |      21 |       0 |   0.0
        D:2 |     176 |      24 |  12.0 |      19 |       5 |  20.8
            +---------+---------+-------+---------+---------+-------
